Map: Ulrena

Players

Toons - Winner!

  • Race: Protoss Protoss
  • League: Silver

Vagtastic

  • Race: Terran Terran
  • League: Gold

VOD

Have the link to the VOD?

Description

Time

  • Played on: Feb. 1, 2016, 5:22 a.m.
  • Length: 8:12
Show
View Real Time Build Order
Export as new Build Order

Toons Protoss - Winner!

Build Orders: Oracle Opening 

Get SALT Encoding   

  12  0:01  Probe (Chrono Boost)  
  13  0:11  Probe (Chrono Boost)  
  14  0:19  Pylon  
  14  0:22  Probe (Chrono Boost)  
  15  0:37  Probe (Chrono Boost)  
  15  0:39  Gateway  
  16  0:45  Assimilator  
  16  0:48  Probe (Chrono Boost)  
  17  0:58  Probe (Chrono Boost)  
  18  1:09  Probe (Chrono Boost)  
  19  1:20  Probe (Chrono Boost)  
  20  1:30  Cybernetics Core  
  20  1:32  Probe (Chrono Boost)  
  21  1:48  Probe (Chrono Boost)  
  21  1:50  Assimilator  
  21  1:52  Pylon  
  22  1:57  Gateway  
  22  2:03  Probe (Chrono Boost)  
  22  2:14  Stargate  
  22  2:17  Probe (Chrono Boost)  
  22  2:21  Warp Gate (Chrono Boost)  
  23  2:23  Zealot  
  25  2:34  Probe  
  26  2:40  Nexus  
  26  2:47  Adept (Chrono Boost)  
  27  2:59  Oracle  
  30  3:15  Pylon  
  30  3:24  Probe  
  33  3:34  Pylon  
  33  3:35  Adept (Chrono Boost)  
  33  3:37  Adept (Chrono Boost)  
  35  3:43  Oracle  
  38  3:50  Probe  
  39  4:16  Probe  
  39  4:17  Probe  
  41  4:25  Gateway  
  41  4:26  Gateway  
  41  4:29  Mothership Core  
  43  4:33  Pylon  
  43  4:34  Pylon  
  43  4:49  Adept x2  
  47  4:55  Probe  
  47  4:56  Probe  
  49  5:08  Forge, Phoenix  
  51  5:17  Stalker x2  
  51  5:19  Probe  
  51  5:20  Probe  
  54  5:36  Phoenix  
  56  5:43  Probe  
  56  5:45  Probe  
  56  5:46  Zealot x3  
  64  5:54  Probe  
  64  5:57  Probe  
  66  6:04  Probe  
  66  6:08  Stalker x2  
  66  6:09  Stalker  
  73  6:12  Sentry  
  75  6:23  Probe  
  75  6:24  Probe  
  77  6:35  Pylon x2  
  77  6:40  Photon Cannon  
  77  6:42  Pylon  
  77  6:45  Photon Cannon  
  77  6:53  Phoenix  
  76  7:02  Zealot x4  
  76  7:19  Probe  
  76  7:20  Probe  
  78  7:29  Probe  
  78  7:32  Probe  
  80  7:40  Stalker  
  80  7:41  Stalker  
  80  7:42  Nexus  
  80  7:43  Pylon  
  84  8:09  Stalker x3  
  84  8:10  Stalker  
Show
View Real Time Build Order
Export as new Build Order

Vagtastic Terran 

Build Orders:  

Get SALT Encoding   

  12  0:01  SCV  
  13  0:13  SCV  
  14  0:17  Supply Depot  
  14  0:25  SCV  
  15  0:39  SCV, Barracks  
  16  0:45  Refinery  
  16  0:51  SCV  
  17  1:02  Barracks  
  17  1:05  SCV  
  18  1:26  Orbital Command  
  18  1:27  Supply Depot  
  18  1:31  Marine  
  19  1:50  Reaper  
  19  1:52  Barracks  
  20  2:05  Barracks  
  20  2:08  Barracks Reactor  
  20  2:09  SCV  
  21  2:21  SCV  
  22  2:28  Barracks Reactor  
  22  2:33  SCV  
  23  2:45  SCV  
  23  2:46  Marine  
  23  2:47  Marine x2  
  27  2:52  Supply Depot  
  27  2:57  Barracks Tech Lab  
  27  2:59  SCV  
  28  3:14  Marine  
  28  3:15  Marine x2  
  28  3:16  SCV  
  32  3:27  Command Center  
  32  3:32  Engineering Bay  
  32  3:35  Barracks Reactor  
  32  3:37  Barracks  
  32  3:43  SCV  
  33  3:52  Marine x2  
  33  3:53  Marine  
  33  3:58  SCV  
  33  3:59  Marine x2  
  33  4:00  Terran Infantry Weapons Level 1  
  24  4:10  SCV  
  25  4:22  SCV  
  26  4:34  SCV  
  27  4:41  Orbital Command  
  27  4:46  SCV  
  28  5:04  SCV  
  29  5:15  SCV  
  29  5:17  SCV  
  29  5:18  Marine x3  
  29  5:19  Marine x2  
  36  5:22  Marine x3  
  36  5:27  SCV  
  40  5:36  Marine x3  
  40  5:40  Marine  
  40  5:41  Marine x4  
  48  5:43  SCV  
  48  5:44  SCV  
  50  5:55  SCV  
  51  5:57  SCV  
  51  5:58  Marine x2  
  51  6:02  Marine  
  51  6:03  Stimpack  
  53  6:07  SCV  
  49  6:13  Missile Turret  
  48  6:35  SCV  
  48  6:38  Orbital Command  
  28  7:11  Marine x5  
  28  7:12  Marine  
  28  7:13  SCV x2  
  31  7:20  Barracks Tech Lab  
  31  7:30  Missile Turret  
  31  7:31  Missile Turret  
  31  7:37  Bunker  
  31  7:39  SCV  
  31  7:40  SCV  
  33  7:44  Factory  
  33  7:49  Marine  
  33  7:50  Marine x5  
  33  7:51  Marine x2  
  40  7:52  SCV x2  
Tags
 
Matchup
PvT
Replay Pack
toons-pack1
Add a new tag
Caveats
  • Supply blocks, unpowered buildings, or Contaminate may cause inaccurate times.
  • Supply counts are checked every 10 seconds.